 Dungeon Crawl Stone Soup version 0.27-a0-1154-gfdeffcb720 (webtiles) character file.

Game seed: 17125871969183261898

647 freelancePsychic the Conjurer (level 7, 0/51 HPs)
             Began as a Gnoll Wanderer on May 14, 2021.
             Slain by a wyvern zombie (4 damage)
             ... on level 6 of the Dungeon.
             The game lasted 00:11:52 (6140 turns).

freelancePsychic the Conjurer (Gnoll Wanderer)      Turns: 6140, Time: 00:11:53

Health: 0/51       AC:  6    Str: 10    XL:     7   Next: 52%
Magic:  6/15       EV: 11    Int: 13    God:
Gold:   217        SH:  0    Dex: 19    Spells: 11/17 levels left

rFire    . . .     SeeInvis .   f - +1 dagger (venom)
rCold    . . .     Faith    .   (no shield)
rNeg     . . .     Spirit   .   c - +0 ring mail
rPois    .         Reflect  .   (no helmet)
rElec    .         Harm     .   (no cloak)
rCorr    .         Rampage  .   (no gloves)
Will     .....                  h - +0 pair of boots
Stlth    ++........             (no amulet)
HPRegen  0.17/turn              j - +6 ring of dexterity
MPRegen  0.14/turn              (no ring)

@: no status effects
A: fangs 1, strong nose, distributed training
a: no special abilities


You were on level 6 of the Dungeon.
You visited 1 branch of the dungeon, and saw 6 of its levels.

You collected 217 gold pieces.

Inventory:

Hand Weapons
 a - a +2 dagger
 f - a +1 dagger of venom (weapon)
Missiles
 b - 3 curare-tipped darts
Armour
 c - a +0 ring mail (worn)
 h - a +0 pair of boots (worn)
Jewellery
 j - a +6 ring of dexterity (left hand)
 p - an amulet of guardian spirit
Wands
 s - a wand of paralysis (6)
Scrolls
 e - a scroll of immolation
 g - a scroll of magic mapping
 i - 2 scrolls of fear
 k - 3 scrolls of teleportation {@r4}
 t - a scroll of enchant armour
 u - a scroll of identify {@r1}
Potions
 l - 3 potions of mutation
 m - 3 potions of degeneration
 n - a potion of lignification {unknown}
 o - a potion of heal wounds {unknown}
 q - a potion of might {unknown}
 r - a potion of haste {unknown}
Miscellaneous
 d - a piece from Xom's chessboard (15/15)


   Skills:
 + Level 2.5 Fighting
 + Level 2.5 Short Blades
 + Level 2.5 Long Blades
 + Level 2.5 Axes
 + Level 2.5 Maces & Flails
 + Level 2.5 Polearms
 + Level 2.5 Staves
 + Level 2.5 Slings
 + Level 2.5 Bows
 + Level 2.5 Crossbows
 + Level 3.6 Throwing
 + Level 2.5 Armour
 + Level 2.5 Dodging
 + Level 2.5 Stealth
 + Level 2.5 Shields
 + Level 2.5 Unarmed Combat
 + Level 5.6 Spellcasting
 + Level 7.4 Conjurations
 + Level 2.0 Hexes
 + Level 2.0 Summonings
 + Level 4.3 Necromancy
 + Level 2.0 Translocations
 + Level 2.0 Transmutations
 + Level 2.0 Fire Magic
 + Level 2.0 Ice Magic
 + Level 2.0 Air Magic
 + Level 2.0 Earth Magic
 + Level 2.0 Poison Magic
 + Level 2.8 Invocations
 + Level 3.6 Evocations


You had 11 spell levels left.
You knew the following spells:

 Your Spells              Type           Power      Damage    Failure   Level
a - Apportation           Tloc           18%        N/A       19%         1
b - Pain                  Necr           60%        1d7       7%          1
c - Magic Dart            Conj           92%        1d7       1%          1
d - Mephitic Cloud        Conj/Pois/Air  13%        N/A       26%         3

Your spell library contained the following spells:

 Spells                   Type           Power      Damage    Failure   Level
 Animate Skeleton         Necr           30%        N/A       7%          1
 Corona                   Hex            10%        N/A       19%         1
 Summon Small Mammal      Summ           36%        N/A       19%         1
 Conjure Flame            Conj/Fire      16%        6-21      19%         3
 Vampiric Draining        Necr           7%         2d7       22%         3
 Blink                    Tloc           N/A        N/A       26%         2
 Call Imp                 Summ           9%         N/A       26%         2
 Slow                     Hex            9%         N/A       26%         2
 Lesser Beckoning         Tloc           4%         N/A       47%         3
 Animate Dead             Necr           7%         N/A       56%         4
 Agony                    Necr           15%        N/A       89%         5


Dungeon Overview and Level Annotations

Branches:
Dungeon (6/15)             Temple (0/1) D:6

Altars:
Yredelemnul

Annotations:
D:4 Sigmund
D:6 Maggie


Innate Abilities, Weirdness & Mutations

You have very sharp teeth.
Your uncanny sense of smell can sniff out nearby items.
Your experience applies equally to all skills.


Message History

The magic dart hits the wyvern zombie.
The wyvern zombie is heavily damaged.
The wyvern zombie bites you!
The magic dart hits the wyvern zombie.
The wyvern zombie is heavily damaged.
The wyvern zombie bites you! The wyvern zombie bites you.
You are too injured to fight recklessly!
Aiming: Magic Dart (safe; 1% risk of failure)
Press: ? - help, Q - select action, (/) - cycle Shift-Dir - straight line, f/p - wyvern zombie
Aim: a wyvern zombie (heavily damaged, 100% to hit)
The magic dart hits the wyvern zombie but does no damage.
The wyvern zombie is heavily damaged.
The wyvern zombie bites you!
Aiming: Magic Dart (safe; 1% risk of failure)
Press: ? - help, Q - select action, (/) - cycle Shift-Dir - straight line, f/p - wyvern zombie
Aim: a wyvern zombie (heavily damaged, 100% to hit)
The magic dart hits the wyvern zombie.
The wyvern zombie is severely damaged.
The wyvern zombie bites you!
* * * LOW HITPOINT WARNING * * *
Aiming: Magic Dart (safe; 1% risk of failure)
Press: ? - help, Q - select action, (/) - cycle Shift-Dir - straight line, f/p - wyvern zombie
Aim: a wyvern zombie (severely damaged, 100% to hit)
The magic dart hits the wyvern zombie.
The wyvern zombie is severely damaged.
The wyvern zombie closely misses you. The wyvern zombie bites you.
* * * LOW HITPOINT WARNING * * *
Casting: Magic Dart (safe; 1% risk of failure)
Confirm with . or Enter, or press ? or * to list all spells.
Aiming: Apportation (safe; 19% risk of failure)
Press: ? - help, Dir - move target, f - you, p - wyvern zombie
Okay, then.
Okay, then.
Aiming: Magic Dart (safe; 1% risk of failure)
Press: ? - help, Q - select action, (/) - cycle Shift-Dir - straight line, f/p - wyvern zombie
Aim: a wyvern zombie (severely damaged, 100% to hit)
The magic dart hits the wyvern zombie.
The wyvern zombie is severely damaged.
The wyvern zombie bites you.
You die...

#..# **.!.***,**,.#*#
#(.# *##*,..o,**,**,,*
* #..#
*.+,,.8.,,,,**,,*
#..####.###,,,***,**,,*
#.<.......#,,,***,**,,*
##.###.####,<,*,,,,,,,*
#.# #..# *,,.#,,,,,,**
#.# ##.###...##*,****
#.# #.@Z..8../,,** #.#*
####.....#*,,* #$.**
**...##*,+****** #..,**
**.## *,*,,,*,, *,,,,**
*+#* ***,>,*,> **,∆,,*
*,,* *,,,*,, **,,**
**,,*********** *,,∆,*
*,,,,,,**,,,*,, **,,,*
*,****,**,>,*,∩


You could see a wyvern zombie.

Vanquished Creatures
  A necrophage (D:4)
  A scorpion (D:4)
  A water moccasin zombie (D:5)
  A bullfrog zombie (D:5)
  A hound (D:4)
  An orc priest (D:4)
  A jelly (D:6)
  2 centaur skeletons
  A bullfrog skeleton (D:5)
  An orc wizard (D:4)
  A hound zombie (D:5)
  8 adders
  A white imp (D:5)
  An ufetubus (D:4)
  An adder skeleton (D:4)
  3 worms
  4 dart slugs
  6 orcs
  6 endoplasms
  12 goblins
  7 hobgoblins
  7 jackals
  2 quokkas
  7 ball pythons
  6 bats
  4 frilled lizards
  7 kobolds
  5 rats
99 creatures vanquished.

Vanquished Creatures (others)
  An adder skeleton (D:2)
  A fungus (D:3)
  5 plants (D:3)
7 creatures vanquished.

Grand Total: 106 creatures vanquished

Notes
Turn   | Place    | Note
-------+----------+-------------------------------------------
     0 | D:1      | freelancePsychic the Gnoll Wanderer began the quest for the
                  | Orb.
     0 | D:1      | freelancePsychic set off with the following items: a +2
                  | dagger, 3 curare-tipped darts, a piece from Xom's
                  | chessboard (15/15), a +0 robe; and the following spell
                  | memorised: Apportation; and the following spells available
                  | to memorise: Lesser Beckoning
     0 | D:1      | Reached XP level 1. HP: 13/13 MP: 6/6
   407 | D:1      | Reached XP level 2. HP: 16/19 MP: 7/7
   492 | D:1      | Learned a level 1 spell: Pain
   648 | D:1      | Reached XP level 3. HP: 7/25 MP: 2/9
   679 | D:1      | Reached skill level 5 in Spellcasting
  1392 | D:1      | Reached skill level 1 in Invocations
  1420 | D:1      | Learned a level 1 spell: Magic Dart
  1675 | D:2      | Reached skill level 1 in Fighting
  1675 | D:2      | Reached skill level 1 in Short Blades
  1675 | D:2      | Reached skill level 1 in Long Blades
  1675 | D:2      | Reached skill level 1 in Axes
  1675 | D:2      | Reached skill level 1 in Maces & Flails
  1675 | D:2      | Reached skill level 1 in Polearms
  1675 | D:2      | Reached skill level 1 in Staves
  1675 | D:2      | Reached skill level 1 in Slings
  1675 | D:2      | Reached skill level 1 in Bows
  1675 | D:2      | Reached skill level 1 in Crossbows
  1675 | D:2      | Reached skill level 1 in Armour
  1675 | D:2      | Reached skill level 1 in Dodging
  1675 | D:2      | Reached skill level 1 in Stealth
  1675 | D:2      | Reached skill level 1 in Shields
  1675 | D:2      | Reached skill level 1 in Unarmed Combat
  1857 | D:2      | Reached XP level 4. HP: 32/32 MP: 3/11
  2159 | D:2      | Found a basalt altar of Yredelemnul.
  2593 | D:2      | Reached skill level 1 in Hexes
  2593 | D:2      | Reached skill level 1 in Summonings
  2593 | D:2      | Reached skill level 1 in Translocations
  2593 | D:2      | Reached skill level 1 in Transmutations
  2593 | D:2      | Reached skill level 1 in Fire Magic
  2593 | D:2      | Reached skill level 1 in Ice Magic
  2593 | D:2      | Reached skill level 1 in Air Magic
  2593 | D:2      | Reached skill level 1 in Earth Magic
  2593 | D:2      | Reached skill level 1 in Poison Magic
  2961 | D:3      | Found a faded altar of an unknown god.
  3118 | D:3      | Reached XP level 5. HP: 36/37 MP: 4/12
  3764 | D:4      | Noticed Sigmund
  3884 | D:4      | Noticed a necrophage
  3889 | D:4      | Killed a necrophage
  3963 | D:4      | Reached XP level 6. HP: 40/44 MP: 4/13
  4838 | D:5      | Entered Level 5 of the Dungeon
  4885 | D:5      | Reached XP level 7. HP: 38/50 MP: 7/15
  5680 | D:5      | Learned a level 3 spell: Mephitic Cloud
  6058 | D:6      | Noticed Maggie
  6140 | D:6      | Slain by a wyvern zombie

Illustrated notes

Levels and vault maps discovered:
D:1:      lightli_arrival_statue_moat, layout_rooms
D:2:      layout_basic, basic_altar, lemuel_flame_loot_1
D:3:      layout_loops_ring, shapermc_ecumenical_altar_mp_ritualfount,
          amethyst_killhole
D:4:      layout_basic, uniq_sigmund, uniq_grinder
D:5:      layout_loops_ring, kennysheep_generic_room_12
D:6:      cheibrodos_two_vegetables, layout_loops_ring,
          minmay_temple_entry_junction_2, nicolae_ossuary_entry_false_entrances,
          grunt_ministairs_15, uniq_maggie, uniq_menkaure,
          uniq_crazy_yiuf_cottage

Skill      XL: |  1  2  3  4  5  6  7 |
---------------+----------------------+-----
Spellcasting   | 5 |  5.6
Invocations    | 1 2 |  2.8
Fighting       | 1 2 |  2.5
Short Blades   | 1 2 |  2.5
Long Blades    | 1 2 |  2.5
Axes           | 1 2 |  2.5
Maces & Flails | 1 2 |  2.5
Polearms       | 1 2 |  2.5
Staves         | 1 2 |  2.5
Slings         | 1 2 |  2.5
Bows           | 1 2 |  2.5
Crossbows      | 1 2 |  2.5
Armour         | 1 2 |  2.5
Dodging        | 1 2 |  2.5
Stealth        | 1 2 |  2.5
Shields        | 1 2 |  2.5
Unarmed Combat | 1 2 |  2.5
Hexes          | 1 2 |  2.0
Summonings     | 1 2 |  2.0
Translocations | 1 2 |  2.0
Transmutations | 1 2 |  2.0
Fire Magic     | 1 2 |  2.0
Ice Magic      | 1 2 |  2.0
Air Magic      | 1 2 |  2.0
Earth Magic    | 1 2 |  2.0
Poison Magic   | 1 2 |  2.0
Throwing       | 3 |  3.6
Necromancy     | 4 |  4.3
Evocations     | 3 |  3.6
Conjurations   | |  7.4

Action                   |  1- 3 |  4- 6 |  7- 9 || total
-------------------------+-------+-------+-------++-------
Melee: Dagger            |    66 |    12 |    10 ||    88
       Bite              |     5 |     5 |       ||    10
       Punch             |       |     2 |     1 ||     3
Throw: Dart              |     1 |       |       ||     1
 Cast: Pain              |    39 |       |       ||    39
       Magic Dart        |    19 |   126 |    63 ||   208
  Use: Scroll            |     1 |     5 |     5 ||    11
 Stab: Sleeping          |       |       |     1 ||     1
Armor: Ring mail         |    33 |    13 |    17 ||    63
Dodge: Dodged            |    31 |    15 |    20 ||    66

Table legend: (Time is in decaauts)
 A = Elapsed time spent in this place.
 B = Non-inter-level travel time spent in this place.
 C = Inter-level travel time spent in this place.
 D = Time resting spent in this place.
 E = Time spent auto-exploring this place.
 F = Levels seen in this place.
 G = Mean time per level.
                   A        B        C        D        E       F      G
               +--------+--------+--------+--------+--------+-----+--------+
         Total |   6135 |   5947 |    188 |    448 |   4757 |   6 | 1022.5 |
       Dungeon |   6135 |   5947 |    188 |    448 |   4757 |   6 | 1022.5 |
               +--------+--------+--------+--------+--------+-----+--------+

Top non-repeatable levels by time:
     D:1: 1547 daAuts
     D:2: 1358 daAuts
     D:5: 1256 daAuts
     D:4: 1009 daAuts
     D:3: 919 daAuts
     D:6: 45 daAuts
